 Dungeon Crawl Stone Soup version 0.28-a0-1080-g05a166d0ed (webtiles) character file.

Game seed: 3287003609208198896

30165 spiderkeys the Gouger (level 13, -6/69 HPs)
             Began as a Felid Abyssal Knight on Dec 10, 2021.
             Was a Priest of Lugonu.
             Mangled by a five-headed hydra (8 damage)
             ... on level 4 of the Lair of Beasts.
             The game lasted 01:05:26 (25672 turns).

spiderkeys the Gouger (Felid Abyssal Knight)       Turns: 25672, Time: 01:05:27

Health: -6/69      AC: 12    Str:  9    XL:     13   Next: 19%
Magic:  23/30      EV: 16    Int: 13    God:    Lugonu [***...]
Gold:   2374       SH:  0    Dex: 20    Spells: 13/22 levels left
                                        Lives:  0   Deaths: 2

rFire   x . .      SeeInvis +     - Unarmed
rCold   + + +      Faith    .   (shield unavailable)
rNeg    . . .      Spirit   .   (armour unavailable)
rPois   +          Reflect  .   (helmet unavailable)
rElec   .          Harm     .   (cloak unavailable)
rCorr   .          Rampage  .   (gloves unavailable)
Will    +....                   (boots unavailable)
Stlth   ++++......              g - amulet of regeneration
HPRegen 1.01/turn               W - ring of magical power
MPRegen 0.22/turn               O - +4 ring of protection

@: ice-form
A: freezing attack, amphibious, boosted hp, large, (claws 1), (fangs 3), see
invisible, (speed 1), (shaggy fur 3), (stealthy paws), no weapons or thrown
items, no armour, multi-lived
a: End Transformation, Renounce Religion, Depart the Abyss, Bend Space, Banish


You were on level 4 of the Lair of Beasts.
You worshipped Lugonu.
Lugonu was most pleased with you.
You were a creature of crystalline ice.
You visited 3 branches of the dungeon, and saw 18 of its levels.
You visited the Abyss 1 time.
You also visited: Bailey and Ice Cave.

You collected 2794 gold pieces.
You spent 420 gold pieces at shops.


Innate Abilities, Weirdness & Mutations

You are a creature of crystalline ice.
You have a powerful freezing melee attack.
You are amphibious.
Your maximum health is increased.
((You have sharp claws.))
((You have razor-sharp teeth.))
You have supernaturally acute eyesight. (SInv)
((You cover ground quickly. (Speed+)))
((Your thick and shaggy fur keeps you warm. (AC +3, rC+)))
((Your paws help you pounce on unaware monsters.))
You are incapable of wielding weapons or throwing items.
You cannot wear armour.
You gain extra lives every three experience levels.


   Skills:
 - Level 8.2 Fighting
 - Level 10.0 Dodging
 - Level 8.0 Stealth
 + Level 12.1 Unarmed Combat
 - Level 5.0 Spellcasting
 - Level 10.0 Transmutations
 + Level 9.9 Ice Magic
 - Level 8.0 Invocations
 - Level 10.0 Evocations


You had 13 spell levels left.
You knew the following spells:

 Your Spells              Type           Power      Damage    Failure   Level
b - Blade Hands           Tmut           14%        N/A       9%          5
c - Ice Form              Ice/Tmut       29%        N/A       3%          4

Your spell library contained the following spells:

 Spells                   Type           Power      Damage    Failure   Level
 Frozen Ramparts          Ice            58%        1d7       1%          3
 Animate Skeleton         Necr           6%         N/A       19%         1
 Apportation              Tloc           6%         N/A       19%         1
 Foxfire                  Conj/Fire      12%        2x1d4     19%         1
 Magic Dart               Conj           12%        1d3       19%         1
 Slow                     Hex            12%        N/A       19%         1
 Summon Small Mammal      Summ           12%        N/A       19%         1
 Hailstorm                Conj/Ice       16%        3d6       24%         4
 Searing Ray              Conj           6%         2d4       28%         2
 Confusing Touch          Hex            3%         N/A       50%         3
 Conjure Flame            Conj/Fire      3%         6-21      50%         3
 Dazzling Flash           Conj/Hex       6%         N/A       50%         3
 Inner Flame              Hex/Fire       3%         N/A       50%         3
 Summon Guardian Golem    Hex/Summ       3%         N/A       50%         3
 Yara's Violent Unravell  Hex/Tmut       8%         3d5       54%         5
 Flame Wave               Conj/Fire      3%         2d4       88%         4
 Fulminant Prism          Conj/Hex       1%         3d6       88%         4
 Ozocubu's Refrigeration  Ice            14%        4d7       95%         7
 Eringya's Noxious Bog    Tmut/Pois      8%         N/A       98%         6
 Agony                    Necr           3%         N/A       99%         5
 Silence                  Hex/Air        1%         N/A       99%         5
 Conjure Ball Lightning   Conj/Air       1%         3x3d6     100%        6
 Orb of Destruction       Conj           1%         N/A       100%        7
 Spellforged Servitor     Conj/Summ      1%         N/A       100%        7
 Discord                  Hex            1%         N/A       100%        8
 Disjunction              Tloc           1%         N/A       100%        8
 Necromutation            Tmut/Necr      8%         N/A       100%        8
 Portal Projectile        Hex/Tloc       Unusable   N/A       N/A         3
 Excruciating Wounds      Necr           Unusable   N/A       N/A         5

Inventory:

Jewellery
 c - a ring of ice
   (You found it on level 8 of the Dungeon)
 g - an amulet of regeneration (around neck)
   (You bought it in a shop on level 11 of the Dungeon)
 A - an amulet of the acrobat
   (You found it on level 12 of the Dungeon)
 C - a ring of ice
   (You found it on level 3 of the Dungeon)
 E - a ring of ice
   (You took it off Fannar on level 11 of the Dungeon)
 O - a +4 ring of protection (right front paw)
   (You found it on level 4 of the Dungeon)
 W - a ring of magical power (left front paw)
   (You found it on level 2 of the Dungeon)
Wands
 m - a wand of polymorph (7)
   (You found it on level 5 of the Dungeon)
 n - a wand of iceblast (11)
   (You found it on level 5 of the Dungeon)
 v - a wand of acid (15)
   (You found it on level 8 of the Dungeon)
 x - a wand of charming (2)
   (You found it on level 9 of the Dungeon)
 B - a wand of digging (6)
   (You found it on level 12 of the Dungeon)
Scrolls
 h - 2 scrolls of immolation {!r!r}
 o - 3 scrolls of fear
 p - 12 scrolls of teleportation {@r4}
 s - 2 scrolls of fog
 t - 4 scrolls of enchant weapon
 u - a scroll of holy word {unknown}
 z - 2 scrolls of enchant armour
 G - a scroll of noise {!r}
 H - a scroll of amnesia {unknown}
 I - a scroll of brand weapon {unknown}
 J - a scroll of magic mapping {!r}
 K - a scroll of torment {unknown}
Potions
 d - 2 potions of invisibility
 e - 3 potions of degeneration {!q}
 f - 3 potions of curing {@q1}
 i - 4 potions of brilliance
 j - 3 potions of mutation {!q}
 k - 2 potions of lignification {!q}
 l - 2 potions of ambrosia
 q - a potion of cancellation
 r - a potion of attraction {!q}
 w - 4 potions of heal wounds {@q2}
 D - a potion of berserk rage {!q}
 F - 2 potions of flight
Miscellaneous
 a - a lightning rod (4/4)
   (You found it on level 2 of the Abyss)
 b - a phantom mirror
   (You found it on level 2 of the Abyss)
 y - a box of beasts
   (You found it on level 9 of the Dungeon)

Dungeon Overview and Level Annotations

Branches:
Dungeon (12/15)            Temple (0/1) D:7            Lair (4/6) D:10
 Shoals (0/4) Lair:2       Spider (0/4) Lair:3          Orc (2/2) D:12
    Elf (0/3) Orc:2        Bailey (visited)           IceCv (visited)

Altars:
Dithmenos
Elyvilon
Nemelex Xobeh
Trog
Uskayaw
Vehumet
Beogh

Shops:
D:3 (   D:7 :   D:11 *[   Orc:2 **=[

Portals:
Pandemonium: Orc:2

Annotations:
D:7 3 runed translucent doors, jasper's ghost, novice DsCA
Lair:3 1 runed translucent door, Cyda Jyj's ghost, journeyman DsGl
Abyss:1 Maggie

[.#..##..###
P...........## PP
P............# ...
.............#..PP
+..............#
#.........<.#.#.#
P.................
#.....D.....####P#
#......Y....#
#.#.P..P#####
#!#..## #.....
#..##. ...# .# P..
. P. ..


You could see a five-headed hydra (slow).


Message History

You hit the jumping spider. You freeze the jumping spider.
The jumping spider barely misses you. The jumping spider closely misses you.
You pummel the jumping spider!! You freeze the jumping spider.
You kill the jumping spider!
Lugonu accepts your kill. 😕 HP[+1] No target in view!
You are caught in the web!
There is a web here.
You disentangle yourself.
You are caught in the web!
There is a web here.
You disentangle yourself.
You are caught in the web!
There is a web here.
You disentangle yourself.
Your transformation is almost over.
There is a hole to the Spider Nest here.
You warm up again.
You see here the +2 robe "Asesog" {Dex+2}. 😎 HP[-9]
You now have 58 max hp (-11).
Could not explore, unopened runed door.
There is a stone staircase leading down here.
You climb downwards.
There is a stone staircase leading up here.
A five-headed hydra comes into view.
The five-headed hydra roars!
The lindwurm bites the fungus.
The fungus begins to die.
The lindwurm claws the fungus. x2
Casting: Ice Form (dangerous; 3% risk of failure)
Confirm with . or Enter, or press ? or * to list all spells.
The spell is quite dangerous to miscast (9% risk of failure)!
Continue anyway?
Your front paws turn into razor-sharp scythe blades.
The lindwurm roars! 😎 MP[-5]
You lost 5 mp, and now have 25/30 mp.
The lindwurm closely misses you. The lindwurm completely misses you. x2
You slash the lindwurm! The lindwurm completely misses you.
The lindwurm misses you.
The lindwurm claws you but does no damage.
You hit the lindwurm but do no damage.
The lindwurm bites you but does no damage.
The lindwurm closely misses you. The lindwurm completely misses you.
You slash the lindwurm! 😎 MP[+1]
You hit the lindwurm.
You bite the lindwurm, but do no damage.
A nearby fungus withers and dies.
The lindwurm completely misses you. x2
The lindwurm claws you.
The five-headed hydra barely misses you.
The five-headed hydra bites you but does no damage.
The five-headed hydra completely misses you.
The five-headed hydra misses you.
The five-headed hydra closely misses you. 😕 HP[-3]
You take 3 damage, and now have 55/58 hp.
You slice the lindwurm!!
You kill the lindwurm!
Lugonu accepts your kill.
The five-headed hydra barely misses you.
The five-headed hydra completely misses you.
The five-headed hydra bites you but does no damage.
The five-headed hydra barely misses you.
The five-headed hydra misses you. 😕 HP[+1]
Casting: Blade Hands (quite dangerous; 43% risk of failure)
Confirm with . or Enter, or press ? or * to list all spells.
The spell is quite dangerous to miscast (26% risk of failure)!
Continue anyway?
Your front paws revert to their normal proportions.
You turn into a creature of crystalline ice.
The five-headed hydra bites you! x2
The five-headed hydra barely misses you.
The five-headed hydra completely misses you.
The five-headed hydra misses you. 😕 HP[-3] MP[-4]
You now have 69 max hp (+11).
You lost 4 mp, and now have 22/30 mp.
You pummel the five-headed hydra!!
The five-headed hydra seems to slow down.
You freeze the five-headed hydra! 😕 HP[+1]
You pummel the five-headed hydra!! You freeze the five-headed hydra!
The five-headed hydra bites you but does no damage.
The five-headed hydra bites you. x2
The five-headed hydra bites you but does no damage.
The five-headed hydra bites you!
* * * LOW HITPOINT WARNING * * *
😨 HP[-23]
You take 23 damage, and now have 31/69 hp.
MASSIVE DAMAGE!! (PAUSE)
You punch the five-headed hydra! You freeze the five-headed hydra.
The five-headed hydra barely misses you.
The five-headed hydra bites you!
* * * LOW HITPOINT WARNING * * *
The five-headed hydra bites you!
* * * LOW HITPOINT WARNING * * *
The five-headed hydra bites you!
* * * LOW HITPOINT WARNING * * *
The five-headed hydra bites you!
You die...

Skill      XL: |  1  2  3  4  5  6  7  8  9 10 11 12 13 |
---------------+----------------------------------------+-----
Unarmed Combat | 3 4 5 6 7 8 9 12 | 12.1
Dodging        | 4 5 6 8 9 10 | 10.0
Evocations     | 3 4 5 10 | 10.0
Stealth        | 2 4 6 8 |  8.0
Invocations    | 3 5 7 8 |  8.0
Fighting       | 5 7 8 |  8.2
Spellcasting   | 4 5 |  5.0
Transmutations | 5 10 | 10.0
Ice Magic      | 8 9 4 |  9.9

Action                   |  1- 3 |  4- 6 |  7- 9 | 10-12 | 13-15 || total
-------------------------+-------+-------+-------+-------+-------++-------
Melee: Unarmed           |   105 |   180 |   352 |  1000 |   151 ||  1788
       Bite              |    11 |    24 |    49 |    80 |    10 ||   174
       Punch             |       |     6 |     9 |    36 |     9 ||    60
 Cast: Ice Form          |       |       |       |    29 |    10 ||    39
       Blade Hands       |       |       |       |    26 |     3 ||    29
Invok: Depart the Abyss  |     1 |       |       |       |       ||     1
       Bend Space        |       |       |     5 |     1 |     1 ||     7
       Banish            |       |       |     1 |    44 |     3 ||    48
Evoke: Lightning rod     |       |    10 |     8 |     8 |       ||    26
       Wand              |       |       |     2 |    26 |     2 ||    30
       Phantom mirror    |       |       |     1 |       |       ||     1
       Box of beasts     |       |       |       |     2 |       ||     2
  Use: Scroll            |       |       |     5 |    15 |       ||    20
       Potion            |       |       |     2 |     2 |     1 ||     5
 Stab: Sleeping          |     3 |     3 |     7 |    20 |     1 ||    34
       Distracted        |       |       |     1 |     4 |     2 ||     7
Armor: Skin              |     5 |    12 |    50 |   117 |    33 ||   217
Dodge: Dodged            |    81 |   111 |   364 |   842 |   134 ||  1532

Levels and vault maps discovered:
D:1:      dpeg_arrival_radiant, layout_basic,
          hellmonk_ecumenical_altar_leap_of_faith
D:2:      layout_loops_cross, minmay_indecisive_spiral, uniq_natasha
D:3:      layout_loops_ring, nicolae_elyvilon_peaceful_grove, serial_shops,
          nicolae_shop_waterfront, chequers_mini_garden, grunt_decor_one_mirror,
          minmay_vboxes
D:4:      layout_cave_pods, uniq_duvessa
D:5:      layout_rooms, grunt_dithmenos_shadows, minivault_1,
          serial_bayou_lagoon_a
D:6:      layout_basic, gammafunk_temple_overflow_wave,
          mainiacjoe_overflow_boulevard
D:7:      layout_basic, minmay_temple_entry_glass, serial_shops,
          nicolae_take_the_stairs, biasface_ghost_orc_armoury, uniq_maggie,
          uniq_harold
D:8:      layout_rooms
D:9:      layout_cave_pools, mainiacjoe_overflow_six_doors_small, minmay_bent
D:10:     layout_stronghold, david_lair_shrubbed, minivault_19,
          minmay_misc_feat_nine_boxes
D:11:     minmay_recursive_quarters, layout_loops_ring, serial_shops,
          nicolae_shop_hallway_plus, nicolae_shop_sticking_my_neck_out,
          uniq_fannar
D:12:     layout_small_grid, minmay_orc_entry_temple_small,
          portal_ice_cave_entry_pillars_1, vehumet_crystals
Lair:1:   layout_misc_corridors
Lair:2:   layout_chaotic_city, elwin_shoals_entry_rocks, serial_bayou_crossing
Lair:3:   layout_long_grid, nicolae_spider_entry_tight_spaces,
          ebering_ghost_inner_flame, grunt_megastairs_5, lemuel_fruit_tree
Lair:4:   layout_roguey, serial_forest, infiniplex_forest_straight_4,
          infiniplex_forest_lined_corner, infiniplex_forest_lined_corner,
          infiniplex_forest_clump_medium, infiniplex_staircase_pool_2,
          lemuel_fruit_fields
Orc:1:    layout_caves, enter_bailey_3
Orc:2:    pf_orc_diabolical, layout_caves, minmay_orc_temple_b

Notes
Turn   | Place    | Note
-------+----------+-------------------------------------------
     0 | Abyss:1  | spiderkeys the Felid Abyssal Knight began the quest for the
                  | Orb.
     0 | Abyss:1  | Reached XP level 1. HP: 10/10 MP: 3/3
     0 | Abyss:1  | magus.rc [v1.9.10]
   104 | Abyss:4  | Noticed a wretched star
   104 | Abyss:4  | Noticed a meliai
   105 | D:1      | You pass through the gate.
   105 | D:1      | Escaped the Abyss
   185 | D:1      | Reached * piety under Lugonu
   479 | D:1      | Reached XP level 2. HP: 8/14 MP: 4/4
  1419 | D:1      | Found a faded altar of an unknown god.
  1562 | D:2      | Reached skill level 3 in Unarmed Combat
  1580 | D:2      | Reached XP level 3. HP: 17/17 MP: 5/5
  1622 | D:2      | Reached skill level 4 in Dodging
  2100 | D:2      | Reached XP level 4. HP: 13/21 MP: 6/6
  2634 | D:2      | Noticed Natasha
  2644 | D:2      | Killed Natasha
  2645 | D:2      | Reached skill level 4 in Unarmed Combat
  2828 | D:2      | Reached ** piety under Lugonu
  3293 | D:2      | Noticed Natasha
  3303 | D:2      | Killed Natasha
  3304 | D:2      | Reached skill level 5 in Dodging
  3304 | D:2      | Reached XP level 5. HP: 24/24 MP: 7/7
  3508 | D:2      | Noticed Natasha
  3521 | D:2      | Killed Natasha
  3833 | D:3      | Reached skill level 5 in Unarmed Combat
  4022 | D:3      | HP: 6/24 [worm (8)]
  4322 | D:3      | Found Fecemuw's Weapon Emporium.
  4453 | D:3      | Gained mutation: You are covered in thick fur. (AC +2)
                  | [Felid growth]
  4453 | D:3      | Reached XP level 6. HP: 13/28 MP: 8/8
  4475 | D:3      | HP: 6/28 [frozen (4)]
  4833 | D:3      | Found a white marble altar of Elyvilon.
  5015 | D:4      | Reached skill level 6 in Unarmed Combat
  5015 | D:4      | Reached skill level 1 in Evocations
  5414 | D:4      | Reached skill level 2 in Evocations
  5675 | D:4      | Noticed Dowan
  5962 | D:4      | Noticed Duvessa
  5964 | D:4      | Killed Dowan
  5965 | D:4      | Reached skill level 1 in Stealth
  5965 | D:4      | Killed Duvessa
  5966 | D:4      | Reached skill level 2 in Stealth
  5966 | D:4      | Reached skill level 3 in Evocations
  5966 | D:4      | Reached XP level 7. HP: 31/31 MP: 9/9
  6110 | D:5      | Entered Level 5 of the Dungeon
  6121 | D:5      | Reached skill level 3 in Stealth
  6393 | D:5      | Reached *** piety under Lugonu
  6394 | D:5      | Reached skill level 4 in Stealth
  6394 | D:5      | Reached skill level 4 in Evocations
  6635 | D:5      | Reached skill level 2 in Invocations
  6915 | D:5      | Found a shadowy altar of Dithmenos.
  6949 | D:5      | Reached skill level 3 in Invocations
  6949 | D:5      | Reached XP level 8. HP: 36/36 MP: 11/11
  6955 | D:5      | You pick up a book of Dangerous Friends and begin
                  | reading...
  6955 | D:5      | You add the spells Summon Guardian Golem, Orb of
                  | Destruction and Spellforged Servitor to your library.
  7032 | D:5      | Reached skill level 4 in Fighting
  7032 | D:5      | Reached skill level 5 in Evocations
  7572 | D:6      | Reached skill level 5 in Fighting
  7572 | D:6      | Reached skill level 4 in Invocations
  7631 | D:6      | Found a hide-covered altar of Uskayaw.
  7631 | D:6      | Found a radiant altar of Vehumet.
  7818 | D:6      | HP: 9/37 [poisoned by a scorpion]
  8642 | D:6      | Reached skill level 6 in Dodging
  8746 | D:6      | Found a bloodstained altar of Trog.
  8908 | D:6      | Reached skill level 5 in Invocations
  8915 | D:6      | Reached skill level 7 in Unarmed Combat
  9058 | D:6      | Reached XP level 9. HP: 29/40 MP: 13/13
  9162 | D:6      | Reached skill level 7 in Dodging
  9368 | D:7      | Found a staircase to the Ecumenical Temple.
  9384 | D:7      | Noticed Harold
  9620 | D:7      | Killed Harold
  9621 | D:7      | Reached skill level 8 in Dodging
  9621 | D:7      | Reached skill level 8 in Unarmed Combat
  9639 | D:7      | HP: 7/40 [iguana (9)]
  9650 | D:7      | HP: 8/40 [bullfrog (1)]
  9928 | D:7      | Noticed Maggie
 10083 | D:6      | Reached **** piety under Lugonu
 10285 | D:7      | Banished Maggie
 10286 | D:7      | Reached skill level 5 in Stealth
 10286 | D:7      | Reached skill level 6 in Invocations
 10719 | D:7      | You pick up a book of Conjurations and begin reading...
 10719 | D:7      | You add the spells Magic Dart, Searing Ray and Fulminant
                  | Prism to your library.
 11035 | D:7      | Found a runed translucent gate.
 11069 | D:7      | Reached skill level 6 in Stealth
 11080 | D:7      | Reached skill level 7 in Invocations
 11080 | D:7      | Reached XP level 10. HP: 20/44 MP: 16/16
 11657 | D:7      | Found a runed translucent gate.
 11658 | D:7      | Found a runed translucent gate.
 11662 | D:7      | Noticed jasper's ghost (novice DsCA)
 11711 | D:7      | Found Lodian's Book Boutique.
 12763 | D:8      | Reached skill level 7 in Stealth
 12763 | D:8      | Reached skill level 9 in Unarmed Combat
 12921 | D:8      | Reached skill level 8 in Invocations
 12968 | D:9      | Noticed a green ugly thing
 13193 | D:9      | Noticed a two-headed ogre
 13196 | D:9      | Banished a two-headed ogre
 13197 | D:9      | Reached skill level 8 in Stealth
 13197 | D:9      | Reached skill level 2 in Spellcasting
 13429 | D:8      | Reached skill level 3 in Spellcasting
 13900 | D:9      | Banished a green ugly thing
 13901 | D:9      | Reached skill level 9 in Dodging
 13901 | D:9      | Reached skill level 4 in Spellcasting
 13941 | D:9      | HP: 11/44 [poisoned by a killer bee]
 14282 | D:9      | Found a sparkling altar of Nemelex Xobeh.
 14453 | D:9      | Noticed a green ugly thing
 14454 | D:9      | Banished a green ugly thing
 14496 | D:9      | Reached XP level 11. HP: 47/47 MP: 19/19
 14643 | D:10     | Entered Level 10 of the Dungeon
 14683 | D:10     | Noticed a two-headed ogre
 14684 | D:10     | Banished a two-headed ogre
 14685 | D:10     | Reached skill level 6 in Evocations
 14742 | D:10     | You pick up a book of Flames and begin reading...
 14742 | D:10     | You add the spells Foxfire, Conjure Flame, Inner Flame and
                  | Flame Wave to your library.
 14862 | D:10     | HP: 4/47 [orc warrior (8)]
 15026 | D:10     | Found a staircase to the Lair.
 15376 | D:10     | Noticed a two-headed ogre
 15378 | D:10     | Banished a two-headed ogre
 15379 | D:10     | Reached skill level 5 in Spellcasting
 15584 | D:10     | Reached skill level 10 in Dodging
 15590 | D:10     | Reached skill level 7 in Evocations
 16680 | D:11     | Noticed an orc knight
 16680 | D:11     | Noticed a two-headed ogre
 16683 | D:11     | Banished a two-headed ogre
 16684 | D:11     | Reached skill level 8 in Evocations
 16954 | D:11     | Found Ygal's Antique Armour Emporium.
 16991 | D:11     | Reached skill level 9 in Evocations
 17042 | D:11     | Banished an orc knight
 17404 | D:11     | You pick up a book of Weapons and begin reading...
 17411 | D:11     | Learned a level 5 spell: Blade Hands
 17432 | D:11     | Found Ehink's Neck Hole.
 17439 | D:11     | Bought an amulet of regeneration for 420 gold pieces
 17585 | D:11     | Noticed Fannar
 17587 | D:11     | Killed Fannar
 17588 | D:11     | Reached skill level 1 in Transmutations
 17687 | D:11     | Noticed a two-headed ogre
 17706 | D:11     | Reached skill level 2 in Transmutations
 17706 | D:11     | Noticed a seven-headed hydra
 17707 | D:11     | Banished a seven-headed hydra
 17752 | D:11     | Reached skill level 3 in Transmutations
 17752 | D:11     | Reached skill level 10 in Evocations
 17774 | D:11     | Noticed a two-headed ogre
 17873 | D:11     | Reached skill level 4 in Transmutations
 18007 | D:11     | Reached skill level 5 in Transmutations
 18049 | D:11     | Gained mutation: Your thick and shaggy fur keeps you warm.
                  | (AC +3, rC+) [Felid growth]
 18049 | D:11     | Reached XP level 12. HP: 30/51 MP: 20/20
 18101 | D:11     | HP: 8/51 [troll (16)]
 18221 | D:11     | Banished a two-headed ogre
 18222 | D:11     | Reached skill level 10 in Unarmed Combat
 18222 | D:11     | Reached skill level 6 in Transmutations
 18276 | D:11     | Banished a two-headed ogre
 18586 | D:12     | HP: 2/51 [acid dragon/splash of acid (30)]
 18680 | D:12     | Found a staircase to the Orcish Mines.
 18710 | D:12     | Found a frozen archway.
 18715 | IceCv    | Entered an ice cave
 18717 | IceCv    | Reached skill level 7 in Transmutations
 18724 | IceCv    | Found a transporter.
 18734 | IceCv    | Found a transporter.
 18809 | IceCv    | You pick up a book of Chaos and begin reading...
 18809 | IceCv    | You add the spells Conjure Ball Lightning, Disjunction and
                  | Discord to your library.
 18961 | D:12     | Reached skill level 8 in Transmutations
 19016 | D:12     | Noticed a two-headed ogre
 19029 | D:12     | Banished a two-headed ogre
 19160 | D:12     | Found a radiant altar of Vehumet.
 19232 | D:12     | You pick up a book of the Senses and begin reading...
 19232 | D:12     | You add the spells Dazzling Flash, Agony and Silence to
                  | your library.
 19264 | D:12     | Reached skill level 9 in Transmutations
 19272 | D:12     | Identified a scroll of acquirement
 19273 | D:12     | Acquired Sif Muna's Collected Works on Shifting Ice
 19274 | D:12     | You add the spells Frozen Ramparts, Hailstorm, Ice Form,
                  | Eringya's Noxious Bog, Ozocubu's Refrigeration and
                  | Necromutation to your library.
 19280 | D:12     | Learned a level 4 spell: Ice Form
 19320 | D:12     | You pick up a book of Cantrips and begin reading...
 19320 | D:12     | You add the spells Animate Skeleton, Summon Small Mammal
                  | and Apportation to your library.
 19593 | Orc:1    | Entered Level 1 of the Orcish Mines
 19623 | Orc:1    | Found a flagged portal.
 19636 | Bailey   | Entered a bailey
 19687 | Bailey   | Reached skill level 11 in Unarmed Combat
 20125 | Orc:1    | Reached skill level 10 in Transmutations
 20183 | Orc:1    | Reached skill level 1 in Ice Magic
 20237 | Orc:1    | Reached skill level 2 in Ice Magic
 20450 | Orc:1    | Noticed an orc high priest
 20548 | Orc:1    | Killed an orc high priest
 20684 | Orc:2    | Entered Level 2 of the Orcish Mines
 20684 | Orc:2    | Found a staircase to the Elven Halls.
 20769 | Orc:2    | Reached skill level 3 in Ice Magic
 21038 | Orc:2    | Reached XP level 13. HP: 54/54 MP: 21/21
 21081 | Orc:2    | Found Lulal Urhy's General Store.
 21171 | Orc:2    | Found Fosugh's General Store.
 21187 | Orc:2    | Reached skill level 4 in Ice Magic
 21272 | Orc:2    | HP: 8/54 [orc priest/divine providence (15)]
 21411 | Orc:2    | HP: 13/64 [orc warrior (18)]
 21421 | Orc:2    | HP: 9/54 [sun demon (10)]
 21421 | Orc:2    | Mangled by a sun demon
 21422 | Orc:2    | Reached XP level 12. HP: -8/51 MP: 25/29
 21601 | Orc:2    | Reached skill level 5 in Ice Magic
 21604 | Orc:2    | Reached ***** piety under Lugonu
 21808 | Orc:2    | Noticed an orc high priest
 21813 | Orc:2    | Reached skill level 12 in Unarmed Combat
 21815 | Orc:2    | Banished an orc high priest
 21817 | Orc:2    | Noticed an orc high priest
 21825 | Orc:2    | Killed an orc high priest
 21826 | Orc:2    | Reached skill level 6 in Ice Magic
 21826 | Orc:2    | Killed from afar by an orc sorcerer
 21827 | Orc:2    | Reached XP level 11. HP: -5/56 MP: 26/28
 21886 | Orc:2    | Banished an orc knight
 22212 | Orc:2    | Banished an orc knight
 22225 | Orc:2    | Noticed an orc sorcerer
 22226 | Orc:2    | Banished an orc sorcerer
 22230 | Orc:2    | Noticed an orc sorcerer
 22232 | Orc:2    | Banished an orc sorcerer
 22233 | Orc:2    | Reached skill level 7 in Ice Magic
 22317 | Orc:2    | Noticed an orc sorcerer
 22318 | Orc:2    | Banished an orc sorcerer
 22322 | Orc:2    | Noticed an orc sorcerer
 22323 | Orc:2    | Banished an orc sorcerer
 22327 | Orc:2    | Banished an orc sorcerer
 22332 | Orc:2    | Noticed an orc high priest
 22345 | Orc:2    | Killed an orc high priest
 22348 | Orc:2    | Noticed an orc sorcerer
 22350 | Orc:2    | Noticed a demonspawn
 22350 | Orc:2    | Noticed an orc high priest
 22440 | Orc:2    | Noticed a demonspawn
 22453 | Orc:2    | Banished a demonspawn
 22454 | Orc:2    | Reached skill level 8 in Ice Magic
 22454 | Orc:2    | Reached XP level 12. HP: 23/51 MP: 20/20
 22516 | Orc:2    | Killed a demonspawn
 22520 | Orc:2    | Killed an orc high priest
 22522 | Orc:2    | Found Hiur's Antique Armour Shoppe.
 22522 | Orc:2    | Found a one-way gate leading to the halls of Pandemonium.
 22522 | Orc:2    | Found Ziezuo's Jewellery Emporium.
 22522 | Orc:2    | Noticed an orc high priest
 22528 | Orc:2    | Killed an orc high priest
 22675 | D:12     | magus.rc [v1.9.10]
 22738 | Lair:1   | Entered Level 1 of the Lair of Beasts
 22745 | Lair:1   | You pick up a book of Misfortune and begin reading...
 22745 | Lair:1   | You add the spells Slow, Confusing Touch and Yara's Violent
                  | Unravelling to your library.
 22868 | Lair:1   | Reached skill level 9 in Ice Magic
 22893 | Lair:1   | Reached skill level 6 in Fighting
 23632 | Lair:2   | Found a staircase to the Shoals.
 23745 | Lair:2   | HP: 15/63 [komodo dragon (23)]
 23771 | Lair:2   | HP: 13/63 [komodo dragon (24)]
 23978 | Lair:2   | Noticed a seven-headed hydra
 23983 | Lair:2   | Banished a seven-headed hydra
 24070 | Lair:2   | Noticed a six-headed hydra
 24074 | Lair:2   | Banished a six-headed hydra
 24075 | Lair:2   | Reached skill level 7 in Fighting
 24297 | Lair:2   | Noticed a four-headed hydra
 24308 | Lair:2   | Killed a four-headed hydra
 24860 | Lair:3   | Found a runed translucent door.
 24864 | Lair:3   | Noticed Cyda Jyj's ghost (journeyman DsGl)
 24864 | Lair:3   | Noticed an eight-headed hydra
 24880 | Lair:3   | Identified a +0 crystal plate armour
 25013 | Lair:3   | Noticed a death yak
 25013 | Lair:3   | Noticed a death yak
 25023 | Lair:3   | Noticed a death yak
 25122 | Lair:3   | Reached XP level 13. HP: 58/58 MP: 21/21
 25137 | Lair:3   | Reached skill level 8 in Fighting
 25265 | Lair:3   | Found a hole to the Spider Nest.
 25267 | Lair:3   | Identified the +2 robe "Asesog" {Dex+2}
 25333 | Lair:3   | HP: 17/69 [poisoned by a redback]
 25338 | Lair:3   | HP: 14/69 [poisoned by a redback]
 25672 | Lair:4   | HP: 13/69 [five-headed hydra (8)]
 25672 | Lair:4   | HP: 2/69 [five-headed hydra (11)]
 25672 | Lair:4   | Mangled by a five-headed hydra

Vanquished Creatures
  Fannar (D:11)
  A hydra (Lair:2)
  A demonspawn (Orc:2)
  5 orc high priests
  A sun demon (Orc:2)
  An orc knight (Bailey)
  A lindwurm (Lair:4)
  An ugly thing (D:12)
  3 orc sorcerers
  6 elephants (Lair:3)
  A cyclops (D:12)
  An ice statue (IceCv)
  5 cane toads
  A kobold demonologist (D:11)
  4 komodo dragons
  An efreet (D:9)
  An ice devil (Orc:2)
  A yaktaur (D:12)
  A hellwing (Orc:2)
  A red devil (Orc:2)
  3 jumping spiders (Lair:3)
  2 trolls
  7 blink frogs
  A hornet (D:9)
  3 shadows
  3 wraiths (D:11)
  5 redbacks (Lair:3)
  29 yaks
  A basilisk (D:9)
  2 wyverns
  5 vampire mosquitoes
  2 wargs
  A harpy simulacrum (IceCv)
  An acid dragon (D:12)
  5 water moccasins
  Duvessa (D:4)
  An ice beast (D:7)
  43 orc warriors
  3 black bears
  A sky beast (D:8)
  9 ogres
  3 centaurs
  2 phantoms
  3 kobold brigands
  10 bullfrogs
  4 scorpions
  A water moccasin zombie (D:5)
  Dowan (D:4)
  11 killer bees
  2 electric eels (Lair:2)
  4 howler monkeys
  A bullfrog zombie (D:6)
  A jelly (D:6)
  4 hounds
  32 orc priests
  2 centaur skeletons
  A bullfrog skeleton (D:6)
  A gnoll shaman (D:6)
  26 orc wizards
  Natasha (thrice) (D:2)
  3 iguanas
  3 killer bee zombies
  3 howler monkey zombies
  9 gnolls
  A howler monkey skeleton (D:7)
  6 adders
  A shadow imp (D:6)
  A white imp (D:5)
  An ufetubus (D:5)
  2 adder skeletons (D:4)
  2 worms
  2 dart slugs
  91 orcs
  11 endoplasms
  3 giant cockroaches
  13 goblins
  7 hobgoblins
  11 jackals
  2 quokkas
  7 ball pythons
  3 bats
  4 frilled lizards
  21 kobolds
  6 rats
491 creatures vanquished.

Vanquished Creatures (collateral kills)
  Harold (D:7)
  An orc knight (Bailey)
  An ice statue (IceCv)
  A freezing wraith (IceCv)
  3 yaks (Lair:1)
  A death yak simulacrum (IceCv)
  An acid dragon (D:9)
  2 orc warriors (Bailey)
  A gnoll sergeant (D:9)
  A cane toad simulacrum (IceCv)
  An orc priest (Orc:2)
  A wolf simulacrum (IceCv)
  A howler monkey zombie (D:9)
  An orc (Orc:2)
17 creatures vanquished.

Vanquished Creatures (others)
  An orc (D:8)
  4 fungi
  6 plants
11 creatures vanquished.

Grand Total: 519 creatures vanquished

Table legend:
 A = Non-vault XP
 B = Vault XP
 C = Vault XP percentage of total XP
 D = Non-vault monster count
 E = Vault monster count
 F = Vault count percentage of total count
                 A         B        C        D         E       F
            +---------+---------+-------+---------+---------+-------
      Total |   41203 |   32700 |  44.2 |     384 |     160 |  29.4
            +---------+---------+-------+---------+---------+-------
        D:1 |      30 |       0 |   0.0 |      18 |       0 |   0.0
        D:2 |     170 |      60 |  26.1 |      26 |       5 |  16.1
        D:3 |     118 |      10 |   7.8 |      13 |       6 |  31.6
        D:4 |     207 |     214 |  50.8 |      20 |       2 |   9.1
        D:5 |     740 |     109 |  12.8 |      21 |       1 |   4.5
        D:6 |    1361 |       0 |   0.0 |      31 |       0 |   0.0
        D:7 |    1446 |    1284 |  47.0 |      27 |       2 |   6.9
        D:8 |    1922 |     184 |   8.7 |      25 |       1 |   3.8
        D:9 |    1162 |    2102 |  64.4 |      12 |       6 |  33.3
       D:10 |    2958 |     361 |  10.9 |      28 |       1 |   3.4
       D:11 |    5208 |    4518 |  46.5 |      26 |      12 |  31.6
       D:12 |    4058 |     258 |   6.0 |      11 |       8 |  42.1
     Lair:1 |    5520 |       0 |   0.0 |      26 |       0 |   0.0
     Lair:2 |    5173 |       0 |   0.0 |      14 |       0 |   0.0
     Lair:3 |    4808 |    2024 |  29.6 |      14 |       8 |  36.4
     Lair:4 |     582 |       0 |   0.0 |       1 |       0 |   0.0
      Orc:1 |    3536 |       5 |   0.1 |      48 |       4 |   7.7
      Orc:2 |    2204 |   16627 |  88.3 |      23 |      78 |  77.2
     Bailey |       0 |    2792 | 100.0 |       0 |      18 | 100.0
      IceCv |       0 |    2152 | 100.0 |       0 |       8 | 100.0
            +---------+---------+-------+---------+---------+-------

Illustrated notes

Table legend:
 A = Kills in this place as a percentage of kills in entire the game.
 B = Kills by you in this place as a percentage of kills by you in the entire game.
 C = Kills by friends in this place as a percentage of kills by friends in the entire game.
 D = Other kills in this place as a percentage of other kills in the entire game.
 E = Experience gained in this place as a percentage of experience gained in the entire game.
 F = Experience gained in this place divided by the number of levels of this place that you have seen.
                   A       B       C       D       E      F
               +-------+-------+-------+-------+-------+----------------------
         Total | 100.0 | 100.0 | 100.0 | 100.0 | 100.0 | 3079.3
       Dungeon |  55.5 |  56.8 |  23.5 |  52.8 |  38.5 | 2373.3
          Lair |  11.6 |  11.8 |  17.6 |   5.6 |  24.5 | 4526.8
  Orcish Mines |  28.1 |  28.3 |  11.8 |  33.3 |  30.3 | 11186.0
        Bailey |   3.3 |   2.6 |  17.6 |   5.6 |   3.8 | 2792.0
      Ice Cave |   1.5 |   0.4 |  29.4 |   2.8 |   2.9 | 2152.0
               +-------+-------+-------+-------+-------+----------------------

Table legend: (Time is in decaauts)
 A = Elapsed time spent in this place.
 B = Non-inter-level travel time spent in this place.
 C = Inter-level travel time spent in this place.
 D = Time resting spent in this place.
 E = Time spent auto-exploring this place.
 F = Levels seen in this place.
 G = Mean time per level.
                   A        B        C        D        E       F      G
               +--------+--------+--------+--------+--------+-----+--------+
         Total |  23019 |  22141 |    878 |   3886 |  13835 |  24 |  959.1 |
       Dungeon |  17474 |  16746 |    728 |   3074 |  10952 |  12 | 1456.2 |
          Lair |   2565 |   2529 |     36 |    140 |   1880 |   4 |  641.2 |
  Orcish Mines |   2319 |   2206 |    113 |    424 |    887 |   2 | 1159.5 |
         Abyss |     85 |     85 |      0 |      0 |     18 |   4 |   21.2 |
        Bailey |    424 |    424 |      0 |    186 |     97 |   1 |  424.0 |
      Ice Cave |    150 |    150 |      0 |     60 |      0 |   1 |  150.0 |
               +--------+--------+--------+--------+--------+-----+--------+

Top non-repeatable levels by time:
     D:6: 2681 daAuts
    D:10: 2083 daAuts
     D:2: 1978 daAuts
     D:8: 1631 daAuts
   Orc:2: 1538 daAuts
    D:11: 1442 daAuts
     D:7: 1435 daAuts
     D:1: 1297 daAuts
     D:3: 1119 daAuts
     D:5: 1078 daAuts
  Lair:3: 988 daAuts
     D:4: 950 daAuts
     D:9: 935 daAuts
  Lair:2: 855 daAuts
    D:12: 838 daAuts
